 Dungeon Crawl Stone Soup version 0.29.1-14-g9c671dbff4 (webtiles) character file.

Game seed: 13587299015218279818

15 Heoruswealwe the Caller (level 2, -2/15 HPs)
             Began as a Deep Elf Summoner on Feb 13, 2023.
             Slain by Jessica
             ... wielding a +0 club
              (3 damage)
             ... on level 2 of the Dungeon.
             The game lasted 00:10:32 (1007 turns).

Heoruswealwe the Caller (Deep Elf Summoner)         Turns: 1007, Time: 00:10:33

Health: -2/15      AC:  2    Str:  5    XL:     2   Next: 34%
Magic:  4/8        EV: 12    Int: 19    God:
Gold:   92         SH:  0    Dex: 15    Spells: 6/7 levels left

rFire   . . .      SeeInvis .   (no weapon)
rCold   . . .      Faith    .   (no shield)
rNeg    . . .      Spirit   .   f - +0 robe
rPois   .          Reflect  .   (no helmet)
rElec   .          Harm     .   (no cloak)
rCorr   .          Rampage  .   (no gloves)
Will    .....                   (no boots)
Stlth   ++........              (no amulet)
HPRegen 0.05/turn               (no ring)
MPRegen 0.11/turn               (no ring)

@: no status effects
A: no striking features
a: no special abilities


You were on level 2 of the Dungeon.
You visited 1 branch of the dungeon, and saw 2 of its levels.

You collected 92 gold pieces.

Inventory:

Hand Weapons
 c - a +0 club
 h - a +0 dagger
 j - a +0 spear
 k - a +0 short sword
 p - a +0 whip
 q - a +0 spear
 s - a +0 club
Missiles
 o - 2 stones
Armour
 a - a +0 robe
 f - a +0 robe (worn)
 g - a +0 ring mail
Magical Staves
 n - a staff of death
Scrolls
 e - 4 scrolls of identify {unknown}
 i - a scroll of fear {unknown}
Potions
 b - a potion of magic
 d - a potion of mutation {unknown}
 l - a potion of curing {unknown}
 m - a potion of heal wounds
 r - 2 potions of degeneration {unknown}


   Skills:
 + Level 0.0 Fighting
 + Level 0.4 Long Blades
 + Level 2.5 Dodging
 + Level 2.4 Stealth
 * Level 3.3 Spellcasting
 + Level 0.0 Conjurations
 + Level 0.4 Hexes
 * Level 4.4 Summonings
 + Level 0.1 Necromancy
 + Level 0.0 Translocations
 + Level 0.0 Transmutations
 + Level 0.3 Fire Magic
 + Level 0.3 Ice Magic
 + Level 0.0 Air Magic
 + Level 0.0 Earth Magic
 + Level 0.0 Poison Magic
 + Level 0.0 Invocations
 + Level 0.0 Evocations


You had 6 spell levels left.
You knew the following spells:

 Your Spells              Type           Power      Damage    Failure   Level
a - Summon Small Mammal   Summ           76%        N/A       2%          1

Your spell library contained the following spells:

 Spells                   Type           Power      Damage    Failure   Level
 Call Imp                 Summ           19%        N/A       3%          2
 Call Canine Familiar     Summ           19%        N/A       7%          3
 Summon Guardian Golem    Hex/Summ       12%        N/A       16%         3
 Summon Lightning Spire   Summ/Air       11%        N/A       52%         4


Dungeon Overview and Level Annotations

Branches:
Dungeon (2/15)

Altars:
The Shining One

Annotations:
D:2 Jessica


Message History

Your quokka barely misses Jessica.
Jessica gestures wildly while chanting.
Jessica blinks!
Jessica gestures at you while chanting. Pain shoots through your body!
Ouch! That really hurt!
Your quokka closely misses Jessica.
Your rat barely misses Jessica.
Jessica mumbles some strange words.
Jessica seems to speed up.
Your quokka bites Jessica.
Your rat bites Jessica.
Jessica barely misses your rat.
Your quokka barely misses Jessica.
Jessica drinks a potion.
Jessica is healed!
Your rat bites Jessica but does no damage.
You see here a scroll labelled LIOSHRO BAAKA.
Your quokka bites Jessica but does no damage.
Jessica hits your rat with a +0 club.
Your rat dies!
Your rat's corpse disappears in a puff of smoke!
Casting: Summon Small Mammal (safe; 2% risk of failure)
Confirm with . or Enter, or press ? or * to list all spells.
Jessica casts a spell at you.
You barely resist.
Your quokka closely misses Jessica.
Casting: Summon Small Mammal (safe; 2% risk of failure)
Confirm with . or Enter, or press ? or * to list all spells.
Your bat disappears in a puff of smoke!
Jessica hits you with a +0 club.
* * * LOW HITPOINT WARNING * * *
Your quokka closely misses Jessica.
Jessica hits your quokka with a +0 club.
Your quokka closely misses Jessica.
Your quokka barely misses Jessica.
Jessica hits your quokka with a +0 club.
Your quokka dies!
Your quokka's corpse disappears in a puff of smoke!
An endoplasm comes into view.
Your quokka bites Jessica but does no damage.
Your quokka bites Jessica.
Casting: Summon Small Mammal (safe; 2% risk of failure)
Confirm with . or Enter, or press ? or * to list all spells.
Jessica hits you with a +0 club.
You die...

#.## #..### ... ...####....
#.# .........# #.##.#
#.#.....###. #.##.# ##
#.......##. #<##.# #.#
#.......##.# #.##.#
#.§###....r§.##..# ##.##.#
##.>.#.....@.r.##.###...#.#
#.....J....@............#.#
#......###................#
#...##.# ##...###.#.#####.#
#.# #.# #.####....# #.# #
#.# #†##......# #.#
#.#.##.##.#....# #.#
#............#.#####.#
###.##.##.####.......# #
#.##.# #######.#


You could see Jessica (fast, ally target), an endoplasm and 2 friendly quokkas.

Vanquished Creatures (collateral kills)
  An endoplasm (D:1)
  2 goblins
  3 hobgoblins
  3 kobolds (D:1)
  2 quokkas (D:1)
  2 rats (D:1)
13 creatures vanquished.

Notes
Turn   | Place    | Note
-------+----------+-------------------------------------------
     0 | D:1      | Heoruswealwe the Deep Elf Summoner began the quest for the
                  | Orb.
     0 | D:1      | Reached XP level 1. HP: 10/10 MP: 6/6
   227 | D:1      | Reached XP level 2. HP: 13/15 MP: 1/8
   743 | D:1      | Found a faded altar of an unknown god.
   767 | D:1      | Prayed at the altar of an unknown god.
   767 | D:1      | Became a worshipper of the Shining One
   767 | D:1      | Reached * piety under the Shining One
   769 | D:1      | Fell from the grace of the Shining One
   989 | D:2      | Noticed Jessica
  1007 | D:2      | Slain by Jessica

Illustrated notes

Levels and vault maps discovered:
D:1:      roderic_crossed_star, layout_loops_ring,
          shapermc_ecumenical_altar_pompeii
D:2:      layout_loops_ring, uniq_jessica

Action                   || total
-------------------------++-------
 Cast: Summon Small Mamm ||    34
Invok: Renounce Religion ||     1
Dodge: Dodged            ||    10
